Map: Tourmaline LE

Players

roy - Winner!

  • Race: Terran Terran

VOD

Have the link to the VOD?

Description

Time

  • Played on: May 29, 2026, 4:35 a.m.
  • Length: 8:15
Show
View Real Time Build Order
Export as new Build Order

roy Terran - Winner!

Build Orders:  

Get SALT Encoding   

  8  0:01  SCV  
  9  0:18  SCV  
  10  0:35  SCV  
  11  0:52  SCV  
  11  0:57  Supply Depot  
  12  1:08  SCV  
  13  1:27  SCV  
  13  1:29  Barracks  
  14  1:34  Refinery  
  14  1:44  SCV  
  15  2:01  SCV  
  16  2:15  Refinery  
  16  2:18  SCV  
  17  2:35  Orbital Command  
  17  2:38  Marine, Supply Depot  
  18  3:00  Ghost Academy  
  18  3:09  Marine  
  19  3:16  SCV  
  20  3:34  SCV, Marine  
  22  3:43  Personal Cloaking  
  22  3:54  SCV  
  23  4:00  Barracks Tech Lab  
  23  4:09  Supply Depot  
  23  4:11  SCV  
  27  4:34  SCV  
  28  4:57  SCV  
  29  5:06  Unknown  
  32  5:20  Command Center  
  32  5:24  SCV  
  33  5:44  Supply Depot  
  33  5:46  Unknown  
  33  5:47  SCV  
  37  6:04  SCV  
  38  6:10  Barracks  
  38  6:26  Unknown  
  38  6:27  Engineering Bay  
  38  6:28  SCV  
  42  6:45  SCV  
  43  6:53  Barracks  
  43  6:59  Refinery  
  43  7:02  SCV  
  43  7:03  Refinery  
  44  7:16  Unknown  
  44  7:17  Barracks Tech Lab  
  50  8:00  Barracks Tech Lab  
Tags
 
Add a new tag
Caveats
  • Supply blocks, unpowered buildings, or Contaminate may cause inaccurate times.
  • Supply counts are checked every 10 seconds.